 Dungeon Crawl Stone Soup version 0.17.1-3-g152610e (webtiles) character file.

144 Heskey the Skirmisher (level 5, -3/42 HPs)
             Began as a Demonspawn Gladiator on Mar 25, 2016.
             Slain by a gnoll
             ... wielding a +0 halberd
              (7 damage)
             ... on level 2 of the Dungeon.
             The game lasted 00:03:59 (2068 turns).

Heskey the Skirmisher (Demonspawn Gladiator)        Turns: 2068, Time: 00:03:59

Health: -3/42      AC:  9    Str: 16    XL:     5   Next: 5%
Magic:  0/5        EV: 11    Int: 10    God:
Gold:   59         SH:  0    Dex: 13    Spells: 0 memorised, 4 levels left

rFire  . . .     SeeInvis .     a - +0 flail
rCold  + + .     Clarity  .     q - +0 ring mail
rNeg   . . .     SustAt   .     (no shield)
rPois  +         Gourm    .     c - +0 helmet
rElec  +         Spirit   +     (no cloak)
rCorr  +         Warding  .     (no gloves)
rMut   .         Stasis   .     (no boots)
MR     .....                    (no amulet)
Stlth  +.........               n - ring of ice
                                (no ring)

@: resistant, not resistant to hostile enchantments, very unstealthy
A: claws 1, slimy green scales 2, magic shield
a: no special abilities


You were on level 2 of the Dungeon.
You were not hungry.

You visited 1 branch of the dungeon, and saw 2 of its levels.

You collected 59 gold pieces.

Inventory:

Hand Weapons
 a - a +0 flail (weapon)
Armour
 c - a +0 helmet (worn)
 q - a +0 ring mail (worn)
Jewellery
 n - a ring of ice (right claw)
Scrolls
 b - a scroll of teleportation
 k - a scroll of identify
 m - a scroll of remove curse
Potions
 g - a potion of curing
 l - a potion of brilliance {unknown}
 o - 2 potions of might {unknown}
 p - 2 potions of degeneration {unknown}
 r - a potion of lignification {unknown}
Comestibles
 e - 3 bread rations
 f - 2 chunks of flesh
 j - 3 meat rations


   Skills:
 * Level 4.0 Fighting
 + Level 3.3 Maces & Flails
 - Level 1.7 Throwing
 + Level 1.9 Armour
 - Level 2.6 Dodging


You had 4 spell levels left.
You didn't know any spells.

Dungeon Overview and Level Annotations

Branches:
Dungeon (2/15)

Altars:
Okawaru


Innate Abilities, Weirdness & Mutations

You have sharp fingernails.
You are mostly covered in slimy green scales (AC +3).
When hurt, damage is shared between your health and your magic reserves.


Message History

The gnoll hits you with a halberd.
* * * LOW HITPOINT WARNING * * *
You barely miss the gnoll.
The gnoll is almost dead.
The gnoll completely misses you.
You hit the gnoll.
The gnoll is almost dead.
The gnoll closely misses you.
You barely miss the gnoll.
The gnoll is almost dead.
The gnoll hits you with a halberd.
* * * LOW HITPOINT WARNING * * *
You barely miss the gnoll.
The gnoll is almost dead.
The gnoll hits you with a halberd.
* * * LOW HITPOINT WARNING * * *
You closely miss the gnoll.
The gnoll is almost dead.
The gnoll hits you with a halberd!
You die...

##### ##########...#
#########............### ##
..........####.####....# ####.
########..##.....##.##.# ##.##.
##.#..#.......#.##.#####...#.
##.....#.......#..............
#......)..._.@g...#######...##
##.....#.......#..# ##.##
##.#..#.......#..# #.#
#.#..##.....##..# #.#
#.#..####.####.## ##'##
#.#............# ##...##
##.########.#.### ##.....# #
##..# #...#.## ##.......
####...##########....####........


You could see a gnoll.

Vanquished Creatures
  3 gnolls (D:2)
  6 adders (D:2)
  2 oozes
  2 worms (D:2)
  3 giant geckos (D:2)
  8 bats
  3 giant cockroaches (D:1)
  7 goblins
  2 hobgoblins (D:2)
  4 jackals (D:2)
  A ball python (D:1)
  2 giant newts
  3 kobolds
  6 rats
52 creatures vanquished.

Notes
Turn   | Place    | Note
--------------------------------------------------------------
     0 | D:1      | Heskey the Demonspawn Gladiator began the quest for the Orb.
     0 | D:1      | Reached XP level 1. HP: 16/16 MP: 1/1
    60 | D:1      | Gained mutation: You have sharp fingernails. [demonic ancestry]
    60 | D:1      | Reached XP level 2. HP: 18/23 MP: 2/2
   734 | D:1      | Reached skill level 1 in Armour
   901 | D:2      | Gained mutation: You are partially covered in slimy green scales (AC +2). [demonic ancestry]
   901 | D:2      | Reached XP level 3. HP: 28/28 MP: 3/3
   916 | D:2      | Reached skill level 3 in Maces & Flails
  1227 | D:2      | Gained mutation: When hurt, damage is shared between your health and your magic reserves. [demonic ancestry]
  1227 | D:2      | Reached XP level 4. HP: 31/35 MP: 4/4
  1763 | D:2      | Found an iron altar of Okawaru.
  2032 | D:2      | Reached skill level 4 in Fighting
  2040 | D:2      | Gained mutation: You are mostly covered in slimy green scales (AC +3). [demonic ancestry]
  2040 | D:2      | Reached XP level 5. HP: 12/42 MP: 1/5
  2068 | D:2      | Slain by a gnoll

Action                   |  1- 3 |  4- 6 || total
-------------------------+-------+-------++-------
Melee: Flail             |   108 |    79 ||   187
Throw: Throwing net      |       |     3 ||     3
  Use: Scroll            |     3 |       ||     3
       Potion            |       |     3 ||     3
 Stab: Sleeping          |     1 |       ||     1
       Held in net/web   |       |     1 ||     1
  Eat: Chunk             |     1 |     3 ||     4
